 Dungeon Crawl Stone Soup version 0.23-a0-451-g1044d4c (webtiles) character file.

74029 Lavandula the Severer (level 15, 41/128 HPs)
             Began as a Naga Air Elementalist on Nov 22, 2018.
             Was a High Priest of Ru.
             Quit the game on level 2 of the Swamp.
             The game lasted 02:02:25 (16290 turns).

Lavandula the Severer (Naga Air Elementalist)      Turns: 16290, Time: 02:02:25

Health: 41/128     AC: 14    Str: 17    XL:     15   Next: 45%
Magic:  20/29      EV:  8    Int: 15    God:    Ru [*****.]
Gold:   798        SH:  0    Dex: 16    Spells: 8/35 levels left

rFire    . . .     SeeInvis +   v - +1 broad axe (flame)
rCold    + + .     Gourm    .   (no shield)
rNeg     . . .     Faith    .   t - +2 leather armour {rC+}
rPois    +         Spirit   .   j - +2 hat
rElec    .         Reflect  .   b - +2 cloak
rCorr    +         Harm     .   s - +0 pair of gloves
MR       ++...                  (no barding)
Stlth    +++.......             P - amulet "Ycuwaleu" {Fragile +Rage MR+ Str+5 Dex+4}
HPRegen  0.31/turn              n - ring of Zoul {rPois rC+ Int-3 Stlth+} (curse)
MPRegen  0.21/turn              o - ring of resist corrosion

@: no potions, heavily drained, very slow
A: large, see invisible, deformed body, dopey 1, poison resistance, screaming 1,
slowness 2, slow metabolism 1, spit poison 1, inability to drink while
threatened, inability to train dodging, unskilled 1, constrict 1, AC +5
a: Spit Poison, Draw Out Power, Power Leap, Apocalypse, Renounce Religion, Evoke
Berserk Rage


You were on level 2 of the Swamp.
You worshipped Ru.
Ru was extremely pleased with you.
You were hungry.

You visited 5 branches of the dungeon, and saw 25 of its levels.
You also visited: Ossuary and Volcano.

You collected 2287 gold pieces.
You spent 1489 gold pieces at shops.

Inventory:

Hand Weapons
 h - a +2 hand axe of freezing
 v - a +1 broad axe of flaming (weapon)
 V - a +4 battleaxe of holy wrath
 X - a cursed -2 executioner's axe
Missiles
 q - 7 javelins (quivered)
Armour
 b - a +2 cloak (worn)
 j - a +2 hat (worn)
 r - +0 fire dragon scales
 s - a +0 pair of gloves (worn)
 t - a +2 leather armour of cold resistance (worn)
Magical Staves
 J - an uncursed staff of energy
Jewellery
 n - the cursed ring of Zoul (left hand) {rPois rC+ Int-3 Stlth+}
   (You found it on level 2 of the Swamp)

   [ring of intelligence]

   It affects your intelligence (-3).
   It protects you from cold.
   It protects you from poison.
   It makes you more stealthy.
   It has a curse placed upon it.
 o - a ring of resist corrosion (right hand)
 C - an uncursed ring of protection from magic
 E - an uncursed ring of wizardry
 F - an uncursed ring of protection from fire
 P - the amulet "Ycuwaleu" (around neck) {Fragile +Rage MR+ Str+5 Dex+4}
   (You found it on level 2 of the Swamp)

   [amulet of rage]

   It affects your strength (+5).
   It affects your dexterity (+4).
   It affects your resistance to hostile enchantments.
   It lets you go berserk.
   It will be destroyed if unequipped.
 R - a +3 ring of evasion
Wands
 y - a wand of paralysis (9)
 I - a wand of iceblast (10)
 Q - a wand of disintegration (18)
 S - a wand of polymorph (11)
Scrolls
 d - 9 scrolls of remove curse
 k - 3 scrolls of amnesia
 l - 6 scrolls of teleportation
 w - 2 scrolls of immolation
 A - a scroll of summoning
 B - 3 scrolls of magic mapping
 H - a scroll of blinking
 K - a scroll of noise {unknown}
 L - a scroll of acquirement {unknown}
 O - 2 scrolls of enchant armour {unknown}
 W - a scroll of fear
 Y - a scroll of fog {unknown}
Potions
 a - 2 potions of invisibility {unknown}
 e - a potion of flight {unknown}
 f - 3 potions of mutation {unknown}
 g - 9 potions of curing
 i - 2 potions of heal wounds
 m - 3 potions of agility {unknown}
 p - 3 potions of haste {unknown}
 u - a potion of berserk rage
 x - 6 potions of might
 z - 2 potions of magic {unknown}
 G - a potion of cancellation {unknown}
 M - 2 potions of brilliance
 N - 2 potions of ambrosia {unknown}
 U - a potion of resistance {unknown}
 Z - a potion of lignification {unknown}
Miscellaneous
 D - a phial of floods (inert)
 T - a lightning rod (4/4)
Comestibles
 c - 20 rations


   Skills:
 - Level 6.6(5.0) Fighting
   Level 1.2(0.0) Short Blades
 + Level 16.3(14.2) Axes
 - Level 2.6(1.2) Stealth
 - Level 10.9(9.2) Spellcasting
 - Level 0.8(0.0) Conjurations
 - Level 1.6(0.2) Summonings
 - Level 2.8(1.4) Necromancy
 - Level 8.1(6.5) Air Magic
 - Level 6.9(5.3) Evocations


You had 8 spell levels left.
You knew the following spells:

 Your Spells              Type           Power        Failure   Level  Hunger
a - Shock                 Conj/Air       ###.         3%          1    None
b - Swiftness             Chrm/Air       ###.....     5%          2    None
c - Airstrike             Air            ####......   9%          4    ###....
d - Summon Small Mammal   Summ           #...         12%         1    None
e - Animate Skeleton      Necr           N/A          7%          1    None
f - Lightning Bolt        Conj/Air       ###.......   67%         5    #####..
g - Apportation           Tloc           #.....       13%         1    None
h - Petrify               Tmut/Erth      #.......     78%         4    ###....
i - Regeneration          Chrm/Necr      #.........   28%         3    #......
j - Shroud of Golubria    Chrm/Tloc      #.........   21%         2    None
k - Mephitic Cloud        Conj/Pois/Air  ##......     16%         3    #......

Your spell library contained the following spells:

 Spells                   Type           Power        Failure   Level  Hunger
 Corpse Rot               Necr           N/A          11%         2    None
 Static Discharge         Conj/Air       ###.....     11%         3    #......
 Confusing Touch          Hex            #.....       13%         1    None
 Corona                   Hex            #......      13%         1    None
 Sandblast                Erth           #.....       13%         1    None
 Ensorcelled Hibernation  Hex/Ice        #.....       21%         2    None
 Passwall                 Tmut/Erth      #.......     21%         2    None
 Confuse                  Hex            #.......     36%         3    #......
 Dazzling Spray           Conj/Hex       #.....       36%         3    #......
 Gell's Gravitas          Tloc           #.........   36%         3    #......
 Ozocubu's Armour         Chrm/Ice       #.......     36%         3    #......
 Spider Form              Tmut/Pois      #.........   36%         3    #......
 Stone Arrow              Conj/Erth      #.....       36%         3    #......
 Tukima's Dance           Hex            #.......     36%         3    #......
 Silence                  Hex/Air        ###.......   67%         5    #####..
 Cause Fear               Hex            #.........   78%         4    ###....
 Leda's Liquefaction      Hex/Erth       #.........   78%         4    ###....
 Bolt of Magma            Conj/Fire/Erth #.........   98%         5    #####..
 Lee's Rapid Deconstruct  Erth           #.........   98%         5    #####..
 Metabolic Englaciation   Hex/Ice        #.........   98%         5    #####..
 Summon Forest            Summ/Tloc      #.........   98%         5    #####..
 Yara's Violent Unravell  Hex/Tmut       #.........   98%         5    #####..
 Deflect Missiles         Chrm/Air       ###.......   99%         6    ######.
 Hydra Form               Tmut           #.........   100%        6    ######.
 Iron Shot                Conj/Erth      #.........   100%        6    ######.
 Statue Form              Tmut/Erth      #........    100%        6    ######.
 Summon Hydra             Summ           #.........   100%        7    #######
 Discord                  Hex            #.........   100%        8    #######
 Shatter                  Erth           #.........   100%        9    #######


Dungeon Overview and Level Annotations

Branches:
Dungeon (13/15)            Temple (1/1) D:7            Lair (6/6) D:9
  Swamp (3/4) Lair:4       Spider (0/4) Lair:3        Slime (0/5) Lair:6
    Orc (2/2) D:9             Elf (0/3) Orc:2
 Vaults: D:13-14

Altars:
Ashenzari
Cheibriados
Dithmenos
Elyvilon
Fedhas
Hepliaklqana
Makhleb
Nemelex Xobeh
Okawaru
Qazlal
Ru
Sif Muna
Trog
Uskayaw
Vehumet
Xom
Yredelemnul
Zin
The Shining One
Beogh
Jiyva

Shops:
D:5 }   Orc:2 *:[(

Annotations:
D:6 exclusion: door
D:7 3 runed doors, Ratty's ghost, novice MiHu
Swamp:1 exclusion: Roxanne, Roxanne
Orc:1 1 runed door, Serurodgh's ghost, novice DrTm


Innate Abilities, Weirdness & Mutations

You cannot wear boots.
Your serpentine skin is tough. (AC +5)
You have supernaturally acute eyesight. (SInv)
Armour fits poorly on your strangely shaped body.
You are dopey. (Int -2)
Your system is resistant to poisons. (rPois)
You occasionally shout uncontrollably at your foes.
You cover ground very slowly.
You have a slow metabolism.
You can spit poison.
You cannot drink potions while threatened.
You cannot train Dodging skill.
You are somewhat unskilled. (-1 Apt)
You can use your snake-like lower body to constrict enemies.


Message History

The tyrant leech is moderately wounded.
You constrict the tyrant leech.
The tyrant leech struggles to escape constriction.
Unknown command.
You slash the tyrant leech! You burn the tyrant leech.
The tyrant leech is heavily wounded.
You constrict the tyrant leech. The tyrant leech barely misses you.
Unknown command.
You completely miss the tyrant leech.
The tyrant leech is heavily wounded.
You constrict the tyrant leech.
The tyrant leech struggles to escape constriction.
Unknown command.
You slash the tyrant leech! You burn the tyrant leech.
You kill the tyrant leech!
You enter the shallow water.
Moving in this stuff is going to be slow.
Unknown command.
Enter note: Sacrificing EV is a bad idea.
Are you sure you want to abandon this character and quit the game? (Confirm

.♣≈♣ ♣♣.[♣♣ ♣♣.♣
♣..♣.♣♣ ♣♣.♣
♣.....♣ ♣♣.♣
♣<..≈.♣♣ ♣♣.♣♣
♣.≈≈≈..♣♣ .♣
♣♣..♣ ♣♣.≈♣≈...♣
♣. ♣..♣
♣≈.≈≈♣.≈.♣♣ ≈♣
♣..♣
♣♣≈≈.≈≈♣..>♣♣≈♣♣
♣..♣♣
♣..≈≈♣♣♣.@≈≈.≈≈♣
♣...♣♣♣....♣
♣♣..≈.§♣♣
♣≈..♣..≈≈≈.♣
♣♣.≈.♣♣
♣♣....≈≈≈≈.♣
♣♣≈≈♣
♣♣.©.≈≈≈≈≈§♣
♣♣.♣♣
##########♣♣
♣.♣.♣ #######
#.♣♣ ♣♣.♣♣
######### #..♣
♣.♣ #)..©.^.#
#.♣♣ ♣.♣


There were no monsters in sight!

Vanquished Creatures
  A thorn hunter (Swamp:2)
  Louise (Swamp:2)
  An orc warlord (Orc:2)
  Erolcha (D:10)
  Josephine (D:9)
  An ice dragon (Lair:6)
  6 hydras
  4 alligators
  A dancing weapon (Volcano)
  2 two-headed ogres
  A death yak (Lair:5)
  Urug (Lair:6)
  Sonja (Lair:6)
  An orc high priest (Orc:2)
  A spriggan druid (Swamp:2)
  5 wizards (Volcano)
  3 lindwurms
  4 orc knights
  An ugly thing (D:11)
  2 cyclopes
  2 wolf spiders (Lair:6)
  4 orc sorcerers
  8 black mambas
  An elephant (Lair:5)
  5 toenail golems (Volcano)
  A guardian serpent (Lair:6)
  Maurice (D:10)
  5 torpor snails (Lair:6)
  A gargoyle (D:12)
  17 spiny frogs
  4 rime drakes
  A redback zombie (D:12)
  6 komodo dragons
  A queen bee (Lair:5)
  3 trolls
  11 hornets
  6 tyrant leeches
  A jumping spider (Lair:3)
  2 meliai (Lair:5)
  4 slime creatures (Swamp:2)
  Grinder (D:6)
  9 blink frogs
  3 bog bodies (Swamp:2)
  2 redbacks
  6 hippogriffs
  A shadow (Swamp:2)
  9 wyverns
  4 wraiths
  32 yaks
  3 basilisks
  A hungry ghost (D:11)
  5 insubstantial wisps
  4 swamp worms
  2 wargs
  18 water moccasins
  5 porcupines
  3 swamp drakes
  An ice beast (D:10)
  31 orc warriors
  2 sky beasts
  11 ogres
  A phantom (D:10)
  6 centaurs
  7 wolves
  9 crocodiles
  2 big kobolds
  12 bullfrogs
  18 scorpions
  31 killer bees
  4 electric eels
  A howler monkey (D:12)
  2 crimson imps
  A bullfrog zombie (D:5)
  6 centaur zombies
  5 hounds
  A jelly (D:5)
  A gnoll shaman (D:7)
  2 human zombies (Ossuary)
  15 orc priests
  A centaur skeleton (D:9)
  26 orc wizards
  2 bullfrog skeletons
  An iguana (D:4)
  2 hell rats (Lair:5)
  10 worker ants
  A big kobold zombie (Ossuary)
  2 human simulacra (D:12)
  A hound skeleton (D:7)
  3 mummies (Ossuary)
  3 worker ant zombies
  10 adders
  4 gnolls (D:7)
  2 scorpion zombies (Ossuary)
  2 shadow imps
  An adder skeleton (D:4)
  A worm (D:5)
  2 dart slugs
  4 leopard geckos
  75 orcs
  2 ball pythons
  4 bats
  A giant cockroach (D:1)
  6 goblins
  2 hobgoblins
  6 jackals
  A ball python skeleton (D:4)
  2 frilled lizards
  A goblin zombie (Ossuary)
  11 kobolds
  2 kobold zombies (Ossuary)
  A leopard gecko skeleton (D:4)
  3 orc zombies (Ossuary)
  A quokka skeleton (D:2)
  A rat (D:1)
  7 fungi
  3 plants (Lair:6)
607 creatures vanquished.

Vanquished Creatures (collateral kills)
  A death yak (Lair:5)
  2 orc high priests (Orc:2)
  2 orc sorcerers (Orc:2)
  A black mamba (Lair:6)
  A spiny frog (Lair:5)
  A bog body (Swamp:2)
  2 blink frogs (Lair:5)
  A wyvern (Lair:6)
  A yak (D:10)
  3 killer bees (Lair:5)
15 creatures vanquished.

Vanquished Creatures (others)
  A spiny frog (Lair:3)
  A black mamba (Lair:1)
  A rime drake (Lair:6)
  A tyrant leech (Lair:6)
  A bog body (Swamp:2)
  A yak (D:10)
  3 wyverns (Lair:6)
  A hungry ghost (D:12)
  An orc warrior (Orc:2)
  2 ogres
  A wolf (Lair:2)
  A crocodile (Lair:6)
  2 scorpions (Ossuary)
  A killer bee (Lair:5)
  2 howler monkeys (D:12)
  26 fungi
  47 plants
93 creatures vanquished.

Grand Total: 715 creatures vanquished

Notes
Turn   | Place    | Note
-------+----------+-------------------------------------------
     0 | D:1      | Lavandula the Naga Air Elementalist began the quest for the
                  | Orb.
     0 | D:1      | Reached XP level 1. HP: 15/15 MP: 3/3
    92 | D:1      | Reached XP level 2. HP: 20/22 MP: 0/5
   284 | D:2      | Reached XP level 3. HP: 21/28 MP: 7/7
   288 | D:2      | Learned a level 2 spell: Swiftness
   351 | D:3      | Reached XP level 4. HP: 21/36 MP: 2/10
   456 | D:4      | Learned a level 4 spell: Airstrike
   507 | D:4      | Reached XP level 5. HP: 40/42 MP: 5/11
   536 | D:4      | Noticed an ogre
   542 | D:4      | Killed an ogre
   597 | D:4      | Reached XP level 6. HP: 32/49 MP: 10/12
   631 | D:4      | Found a stormy altar of Qazlal.
   690 | D:4      | Reached skill level 5 in Air Magic
   763 | D:5      | Entered Level 5 of the Dungeon
   838 | D:5      | Found a glowing golden altar of the Shining One.
   898 | D:5      | Found an iron altar of Okawaru.
  1082 | D:5      | Reached XP level 7. HP: 55/55 MP: 11/13
  1122 | D:5      | Found Aschuafy's Gadget Shop.
  1487 | D:6      | Reached XP level 8. HP: 57/62 MP: 9/14
  1539 | D:6      | Found a bloodstained altar of Trog.
  1615 | D:6      | Found a glowing golden altar of the Shining One.
  1758 | D:6      | Noticed Grinder
  1769 | D:6      | Paralysed by Grinder for 4 turns
  1773 | D:6      | Killed Grinder
  1783 | D:6      | Learned a level 1 spell: Apportation
  1794 | D:7      | Reached skill level 1 in Fighting
  1803 | D:7      | Found a hazy altar of Hepliaklqana.
  1891 | D:8      | Noticed a cyclops
  2123 | D:8      | Found a sand-covered staircase.
  2133 | Ossuary  | Entered an ossuary
  2198 | Ossuary  | Learned a level 1 spell: Animate Skeleton
  2205 | Ossuary  | Reached skill level 1 in Necromancy
  2263 | Ossuary  | Reached XP level 9. HP: 79/79 MP: 5/15
  2552 | D:8      | Reached skill level 5 in Dodging
  2716 | D:7      | Reached skill level 1 in Evocations
  2812 | D:6      | Found a snail-covered altar of Cheibriados.
  2906 | D:6      | Learned a level 5 spell: Lightning Bolt
  3261 | D:7      | Found a runed gate.
  3261 | D:7      | Found a runed gate.
  3261 | D:7      | Found a runed gate.
  3289 | D:7      | Noticed a gargoyle
  3291 | D:7      | Noticed Ratty's ghost (novice MiHu)
  3732 | D:5      | Reached skill level 5 in Spellcasting
  4364 | D:7      | Found a staircase to the Ecumenical Temple.
  4371 | Temple   | Entered the Ecumenical Temple
  4388 | Temple   | Became a worshipper of Ru the Awakened
  4437 | D:8      | Noticed a hornet
  4440 | D:8      | Killed a hornet
  4530 | D:8      | Reached XP level 10. HP: 72/87 MP: 8/19
  4563 | D:9      | Found a sacrificial altar of Ru.
  4612 | D:9      | Noticed a +0 hand axe
  4612 | D:9      | Noticed a +0 hand axe
  4615 | D:9      | Found a hide-covered altar of Uskayaw.
  4648 | D:8      | Found a shimmering altar of Xom.
  4689 | D:10     | Entered Level 10 of the Dungeon
  4745 | D:11     | Learned a level 1 spell: Summon Small Mammal
  4922 | D:11     | Reached skill level 1 in Summonings
  4944 | D:11     | Noticed a brown ugly thing
  4976 | D:11     | Reached skill level 5 in Fighting
  5213 | D:11     | Killed a purple ugly thing
  5403 | D:10     | Found a burning altar of Makhleb.
  5406 | D:10     | Noticed a cacodemon
  5473 | D:10     | Gained mutation: You cannot train Dodging skill. [Ru
                  | sacrifice]
  5473 | D:10     | Reached * piety under Ru
  5660 | D:10     | Noticed Maurice
  5699 | D:10     | Noticed a two-headed ogre
  5709 | D:10     | Killed a two-headed ogre
  5709 | D:10     | Reached skill level 5 in Evocations
  5751 | D:10     | Reached XP level 11. HP: 36/97 MP: 7/22
  5820 | D:10     | Noticed Erolcha
  5835 | D:10     | Killed Erolcha
  5859 | D:9      | Found a shattered altar of Ashenzari.
  5930 | D:9      | Found a staircase to the Lair.
  5939 | D:9      | Found a deep blue altar of Sif Muna.
  5939 | D:9      | Found a bloodstained altar of Trog.
  6260 | D:9      | Learned a level 4 spell: Petrify
  6345 | D:10     | Reached skill level 1 in Short Blades
  6485 | D:10     | woah
  6620 | D:11     | Reached skill level 1 in Axes
  6661 | D:11     | Reached skill level 2 in Axes
  6751 | D:11     | Reached skill level 3 in Axes
  6831 | D:12     | Gained mutation: You are dopey. (Int -2) [Ru sacrifice]
  6831 | D:12     | Reached ** piety under Ru
  7003 | D:12     | Noticed a cyclops
  7017 | D:12     | Killed a cyclops
  7017 | D:12     | Reached skill level 4 in Axes
  7036 | D:12     | Reached skill level 5 in Axes
  7425 | D:12     | Reached skill level 6 in Axes
  7668 | D:12     | Reached skill level 7 in Axes
  8319 | D:10     | Killed Maurice
  8319 | D:10     | Reached skill level 8 in Axes
  8319 | D:10     | Reached XP level 12. HP: 93/109 MP: 3/23
  8592 | D:9      | Found a roughly hewn altar of Beogh.
  8592 | D:9      | Found a staircase to the Orcish Mines.
  8758 | Orc:1    | Entered Level 1 of the Orcish Mines
  8763 | Orc:1    | Noticed Josephine
  8795 | D:9      | Killed Josephine
  8795 | D:9      | Reached skill level 9 in Axes
  8856 | D:9      | Gained mutation: You are somewhat unskilled. (-1 Apt) [Ru
                  | sacrifice]
  8856 | D:9      | Reduced skill Axes to level 8
  8856 | D:9      | Reached *** piety under Ru
  8856 | D:9      | Reached **** piety under Ru
  9103 | Orc:1    | Found a runed door.
  9105 | Orc:1    | Noticed Serurodgh's ghost (novice DrTm)
  9123 | Orc:2    | Entered Level 2 of the Orcish Mines
  9127 | Orc:2    | Found Xydil's Book Emporium.
  9127 | Orc:2    | Noticed an orc high priest
  9370 | Orc:1    | Reached skill level 9 in Axes
  9431 | Orc:2    | Noticed an orc high priest
  9438 | Orc:2    | Killed an orc high priest
  9445 | Orc:2    | Killed an orc high priest
  9447 | Orc:2    | Noticed an orc warlord
  9457 | Orc:2    | Found a staircase to the Elven Halls.
  9475 | Orc:2    | Noticed an orc high priest
  9477 | Orc:2    | Found Joar's Antique Armour Shoppe.
  9481 | Orc:2    | Found Axtucwir's Antique Weapon Emporium.
  9487 | Orc:2    | Noticed a two-headed ogre
  9496 | Orc:2    | Killed a two-headed ogre
  9496 | Orc:2    | Reached skill level 10 in Axes
  9550 | Orc:2    | Found Ejiqyace's General Store.
  9609 | Orc:2    | Bought a scroll of blinking for 127 gold pieces
  9609 | Orc:2    | Bought a potion of degeneration for 17 gold pieces
  9622 | Orc:2    | Found a dark tunnel.
  9632 | Volcano  | Entered a volcano
  9815 | Volcano  | Reached skill level 11 in Axes
 10278 | Volcano  | Gained mutation: You can use your snake-like lower body to
                  | constrict enemies. [Naga growth]
 10278 | Volcano  | Reached XP level 13. HP: 98/114 MP: 10/23
 10345 | Volcano  | Reached skill level 12 in Axes
 10546 | Orc:2    | Bought a potion of berserk rage for 85 gold pieces
 10617 | Orc:2    | Bought the Papyrus of Vitriolic Aid for 480 gold pieces
 10621 | Orc:2    | Learned a level 3 spell: Regeneration
 10624 | Orc:2    | Learned a level 2 spell: Shroud of Golubria
 10675 | Orc:2    | Killed an orc warlord
 10719 | Orc:2    | Learned a level 3 spell: Mephitic Cloud
 11066 | Orc:1    | Gained mutation: You cannot drink potions while threatened.
                  | [Ru sacrifice]
 11066 | Orc:1    | Reached ***** piety under Ru
 11278 | Orc:1    | Paralysed by an orc sorcerer for 3 turns
 11415 | Orc:1    | Found a roughly hewn altar of Beogh.
 11497 | Orc:2    | Bought a book of the Earth for 780 gold pieces
 11553 | Lair:1   | Entered Level 1 of the Lair of Beasts
 12575 | Lair:2   | Reached skill level 10 in Spellcasting
 12638 | Lair:3   | Gained mutation: You occasionally shout uncontrollably at
                  | your foes. [Ru sacrifice]
 12775 | Lair:3   | Found a hole to the Spider Nest.
 12874 | Lair:4   | Found a staircase to the Swamp.
 12928 | Lair:6   | Entered Level 6 of the Lair of Beasts
 12928 | Lair:6   | Found a viscous altar of Jiyva.
 12928 | Lair:6   | Found a staircase to the Slime Pits.
 13094 | Lair:6   | Noticed Urug
 13095 | Lair:6   | Reached XP level 14. HP: 105/121 MP: 24/28
 13566 | Lair:5   | Reached skill level 13 in Axes
 14277 | Lair:6   | Noticed Sonja
 14283 | Lair:6   | Found a runed door.
 14295 | Lair:6   | Reached skill level 14 in Axes
 15022 | Lair:6   | Killed Urug
 15044 | Lair:6   | Reached skill level 15 in Axes
 15079 | Lair:6   | Reached XP level 15. HP: 78/128 MP: 15/29
 15193 | Lair:6   | Killed Sonja
 15413 | Swamp:1  | Entered Level 1 of the Swamp
 15605 | Swamp:2  | Found a transporter.
 15770 | Swamp:2  | Found a transporter.
 15775 | Swamp:2  | Found the cursed +13 scythe of Curses {drain, *Curse}
 15805 | Swamp:1  | Identified Roxanne's Collected Works on Clay
 15805 | Swamp:1  | Noticed Roxanne
 15924 | Swamp:2  | Noticed Louise
 15939 | Swamp:2  | Killed Louise
 15945 | Swamp:2  | Reached skill level 16 in Axes
 15983 | Swamp:2  | Noticed a thorn hunter
 16004 | Swamp:2  | Killed a thorn hunter
 16210 | Swamp:2  | Got an ancient lapis lazuli ring
 16212 | Swamp:2  | Identified the cursed ring of Zoul {rPois rC+ Int-3 Stlth+}
                  | (You found it on level 2 of the Swamp)
 16223 | Swamp:2  | Got a clouded iron amulet
 16224 | Swamp:2  | Identified the amulet "Ycuwaleu" {Fragile +Rage MR+ Str+5
                  | Dex+4} (You found it on level 2 of the Swamp)
 16290 | Swamp:2  | Sacrificing EV is a bad idea.
 16290 | Swamp:2  | Quit the game

Vault maps used:
D:1:      saegor_arrival_simple_e, minmay_misc_feat_encased, st_stairs_3
D:2:      minmay_chambers_of_twos, minitemple, first_ration, serial_undead,
          serial_undead_d, serial_undead_c, serial_undead_f, serial_undead_c,
          serial_undead_c, serial_undead_f, serial_undead_e, minmay_between
D:3:      marbit_many_paths
D:4:      nicolae_qazlal_general_emergency, kennysheep_generic_room_8
D:5:      kennysheep_okawaru_gauntlet, basic_altar, serial_shops,
          nicolae_shop_crystal
D:6:      cheibrodos_worm_habitat, tso_oasis_becter, trog_three_pillars_becter,
          uniq_grinder
D:7:      kennysheep_mini_moat, minmay_temple_entry_trees,
          gammafunk_ghost_split, grunt_ogre_cave
D:8:      nicolae_overflow_hidden_temple, lightli_ossuary_entry_decrepit_ruins
D:9:      nicolae_ashenzari_panopticon, gammafunk_temple_overflow_statue,
          dancing_weapons_uskayaw, david_lair_generic, david_orc_5,
          nicolae_ru_sacrificial_ziggurat
D:10:     makhleb_altar_promises_db, uniq_erolcha, uniq_maurice
D:12:     minmay_fountain_box, bh_circular_ruins
D:13:     grunt_vaults_entry_fortified
Temple:   jpeg_temple_island
Lair:1:   serial_bayou, serial_bayou_pond_e, serial_bayou_lake_a,
          serial_bayou_pond_e, serial_bayou_ford_a, beast_lair_carwin_9,
          grunt_megastairs_5
Lair:2:   lemuel_fruit_fields
Lair:3:   gammafunk_mikee_crab_dinner, spider_nest_entry_a, serial_bayou,
          serial_bayou_crossing, serial_bayou_pond_c, serial_bayou_pond_d,
          serial_bayou_pond_a
Lair:4:   swamp_mist, bobbens_dragon_lair_wall
Lair:5:   regret_index_tunnel_blossom, minivault_19, beast_lair_carwin_1
Lair:6:   hangedman_lair_tendril_chambers, wormcave, slime_altar_1,
          infiniplex_staircase_pool_2, uniq_sonja, uniq_urug
Swamp:1:  nicolae_swamp_godswood, uniq_roxanne
Swamp:2:  gammafunk_its_a_trap, nicolae_swamp_feature_on_the_river_bank,
          uniq_louise
Swamp:3:  hangedman_swamp_ruin_hall
Orc:1:    nicolae_orc_accident_2, ebering_ghost_inner_flame, uniq_josephine
Orc:2:    grunt_orc_gardens, grunt_orc_garden, grunt_orc_garden,
          grunt_orc_garden, grunt_orc_garden, nicolae_volcano_entry_hallway
Ossuary:  ossuary_minmay_scorpions
Volcano:  volcano_bunker

Skill      XL: |  1  2  3  4  5  6  7  8  9 10 11 12 13 14 15 |
---------------+----------------------------------------------+-----
Spellcasting   | 3 4 6 7 6 10 | 10.9
Air Magic      | 4 6 8 |  8.1
Fighting       | 4 6 7 6 |  6.6
Necromancy     | 3 2 |  2.8
Dodging        | 5 0 |  0.0
Evocations     | 2 6 7 6 |  6.9
Summonings     | 1 |  1.6
Short Blades   | 1 |  1.2
Axes           | 8 11 12 15 16 | 16.3
Stealth        | 2 |  2.6
Conjurations   | 0 |  0.8

Action                   |  1- 3 |  4- 6 |  7- 9 | 10-12 | 13-15 || total
-------------------------+-------+-------+-------+-------+-------++-------
Melee: Hand axe          |     6 |       |       |   201 |   615 ||   822
       Unarmed           |     3 |       |       |       |       ||     3
       Dagger            |       |     6 |    60 |   220 |       ||   286
       Battleaxe         |       |       |       |    29 |    24 ||    53
       Broad axe         |       |       |       |       |   506 ||   506
       Constrict         |       |       |       |       |   184 ||   184
Throw: Tomahawk          |       |       |       |     5 |       ||     5
       Javelin           |       |       |       |     1 |     6 ||     7
       Throwing net      |       |       |       |     1 |       ||     1
 Cast: Shock             |    21 |    56 |   178 |   185 |    11 ||   451
       Airstrike         |       |       |     4 |    58 |    24 ||    86
       Lightning Bolt    |       |       |       |    24 |       ||    24
       Swiftness         |       |       |       |     4 |       ||     4
       Summon Small Mamm |       |       |       |     2 |       ||     2
       Animate Skeleton  |       |       |       |     1 |     8 ||     9
       Petrify           |       |       |       |     1 |       ||     1
       Regeneration      |       |       |       |       |   153 ||   153
       Shroud of Golubri |       |       |       |       |    68 ||    68
       Mephitic Cloud    |       |       |       |       |    40 ||    40
Invok: Sacrifice Nimblen |       |       |       |     1 |       ||     1
       Sacrifice Purity  |       |       |       |     1 |     1 ||     2
       Draw Out Power    |       |       |       |    16 |    32 ||    48
       Sacrifice Skill   |       |       |       |     1 |       ||     1
       Apocalypse        |       |       |       |       |     7 ||     7
       Sacrifice Drink   |       |       |       |       |     1 ||     1
       Reject Sacrifices |       |       |       |       |     1 ||     1
 Abil: Spit Poison       |    18 |    21 |    44 |    54 |     6 ||   143
Evoke: Wand              |       |       |     2 |    30 |    14 ||    46
       Phial of floods   |       |       |       |       |     3 ||     3
       Lightning rod     |       |       |       |       |     4 ||     4
  Use: Scroll            |       |     5 |     5 |    12 |     6 ||    28
       Potion            |       |       |       |     7 |     5 ||    12
 Stab: Sleeping          |       |       |     1 |     2 |       ||     3
       Invisible         |       |       |       |     1 |    21 ||    22
       Distracted        |       |       |       |     1 |     5 ||     6
       Paralysed         |       |       |       |    13 |    41 ||    54
       Petrified         |       |       |       |     6 |       ||     6
       Held in net/web   |       |       |       |     1 |       ||     1
       Petrifying        |       |       |       |     1 |       ||     1
       Confused          |       |       |       |       |    30 ||    30
  Eat: Chunk             |       |     2 |     7 |    26 |    20 ||    55
       Ration            |       |       |     2 |     3 |     2 ||     7
Armor: Robe              |     5 |     4 |     4 |    24 |     3 ||    40
       Leather armour    |       |       |    66 |   189 |    51 ||   306
       Ring mail         |       |       |       |       |   347 ||   347
Dodge: Dodged            |    15 |    17 |    93 |   262 |   463 ||   850

Table legend:
 A = Non-vault XP
 B = Vault XP
 C = Vault XP percentage of total XP
 D = Non-vault monster count
 E = Vault monster count
 F = Vault count percentage of total count
                 A         B        C        D         E       F
            +---------+---------+-------+---------+---------+-------
      Total |   53405 |   52351 |  49.5 |     397 |     229 |  36.6
            +---------+---------+-------+---------+---------+-------
        D:1 |      20 |       0 |   0.0 |      10 |       0 |   0.0
        D:2 |       6 |       8 |  57.1 |       4 |       4 |  50.0
        D:3 |      49 |       0 |   0.0 |       6 |       0 |   0.0
        D:4 |     375 |       0 |   0.0 |      17 |       0 |   0.0
        D:5 |    1033 |       4 |   0.4 |      27 |       2 |   6.9
        D:6 |     185 |     272 |  59.5 |       7 |       1 |  12.5
        D:7 |     566 |       0 |   0.0 |      23 |       0 |   0.0
        D:8 |     991 |       0 |   0.0 |       9 |       0 |   0.0
        D:9 |     871 |    3000 |  77.5 |      25 |      26 |  51.0
       D:10 |    2853 |    1531 |  34.9 |      34 |       2 |   5.6
       D:11 |    3077 |       0 |   0.0 |      28 |       0 |   0.0
       D:12 |    5137 |      45 |   0.9 |      54 |       2 |   3.6
     Lair:1 |    3450 |    1257 |  26.7 |      16 |       7 |  30.4
     Lair:2 |    1713 |       0 |   0.0 |      11 |       0 |   0.0
     Lair:3 |    2281 |     409 |  15.2 |      10 |       2 |  16.7
     Lair:4 |     115 |       0 |   0.0 |       1 |       0 |   0.0
     Lair:5 |    4587 |    8910 |  66.0 |      21 |      49 |  70.0
     Lair:6 |    8780 |   17399 |  66.5 |      22 |      54 |  71.1
    Swamp:1 |    3724 |       0 |   0.0 |       7 |       0 |   0.0
    Swamp:2 |    8209 |    2525 |  23.5 |      25 |       5 |  16.7
      Orc:1 |    2692 |    2119 |  44.0 |      26 |      12 |  31.6
      Orc:2 |    2691 |    7555 |  73.7 |      14 |      21 |  60.0
    Ossuary |       0 |    1216 | 100.0 |       0 |      31 | 100.0
    Volcano |       0 |    6101 | 100.0 |       0 |      11 | 100.0
            +---------+---------+-------+---------+---------+-------
